Map: Incorporeal LE

Players

flashandfoul

  • Race: Zerg Zerg
  • Spawn Location: 5:00

A.I. 1 (Very Easy) - Winner!

  • Race: Protoss Protoss
  • Spawn Location: 11:00

VOD

https://www.youtube.com/watch?v=Pztf1UCpdW4

Description

Time

  • Played on: July 10, 2025, 11:56 a.m.
  • Length: 3:47
Show
View Real Time Build Order
Export as new Build Order

flashandfoul Zerg 

Build Orders: Pool First 

Get SALT Encoding   

  6  0:00  Drone  
  13  0:12  Overlord  
  13  0:17  Drone  
  14  0:30  Drone x2  
  16  0:39  Spawning Pool  
  15  0:43  Drone  
  15  0:47  Drone  
  17  0:55  Drone  
  18  1:01  Extractor  
  17  1:11  Hatchery  
  16  1:26  Queen  
  16  1:27  Zergling x2  
  16  1:29  Zergling x2  
  20  1:33  Zergling x2  
  21  1:41  Overlord  
  21  1:54  Roach Warren  
  21  1:57  Drone  
  21  2:05  Metabolic Boost  
  21  2:35  Roach x3  
  21  2:36  Overlord  
  27  2:40  Roach  
  29  2:47  Zergling x4  
  29  2:51  Zergling x2  
  32  2:53  Zergling x2  
  32  2:57  Zergling x2  
  34  3:01  Zergling x2  
  35  3:07  Zergling x2  
  36  3:13  Ravager  
  36  3:15  Zergling x4  
  36  3:18  Zergling x2  
  40  3:21  Zergling x2  
  41  3:28  Overlord  
Show
View Real Time Build Order
Export as new Build Order

A.I. 1 (Very Easy) Protoss - Winner!

Build Orders:  

Get SALT Encoding   

  6  0:00  Probe  
  13  0:13  Probe  
  14  0:19  Pylon  
  14  0:36  Assimilator  
  14  0:42  Gateway  
  14  0:46  Pylon  
  14  1:14  Assimilator  
  14  1:24  Zealot  
  14  1:25  Probe  
  14  1:30  Cybernetics Core  
  17  1:33  Probe  
  18  1:43  Probe  
  19  1:55  Probe  
  19  1:56  Warp Gate  
  20  2:03  Probe  
  21  2:11  Probe  
  22  2:35  Stalker  
Tags
 
Matchup
PvZ
Opening
Pool First
Spawn Locations
Cross Positions
Add a new tag
Caveats
  • Supply blocks, unpowered buildings, or Contaminate may cause inaccurate times.
  • Supply counts are checked every 10 seconds.